 Dungeon Crawl Stone Soup version 0.24-a0-580-g6a6c3f83c1 (webtiles) character file.

Game seed: 3220584635627431077

239 Mithandil the Shield-Bearer (level 5, -11/47 HPs)
             Began as a Minotaur Fighter on Aug 22, 2019.
             Mangled by a gnoll
             ... wielding a +0 halberd
              (12 damage)
             ... on level 3 of the Dungeon.
             The game lasted 00:10:04 (2475 turns).

Mithandil the Shield-Bearer (Minotaur Fighter)      Turns: 2475, Time: 00:10:04

Health: -11/47     AC:  7    Str: 27    XL:     5   Next: 79%
Magic:  4/4        EV:  8    Int:  5    God:
Gold:   89         SH: 10    Dex:  9    Spells: 4/4 levels left

rFire    + . .     SeeInvis .   a - +0 war axe
rCold    + . .     Gourm    .   c - +0 shield
rNeg     . . .     Faith    .   b - +0 scale mail
rPois    .         Spirit   .   (helmet restricted)
rElec    .         Reflect  .   p - scarf {rC+ rF+}
rCorr    .         Harm     .   (no gloves)
MR       .....                  (no boots)
Stlth    ..........             (no amulet)
HPRegen  0.15/turn              (no ring)
MPRegen  0.09/turn              (no ring)

@: mighty
A: retaliatory headbutt, horns 2
a: no special abilities


You were on level 3 of the Dungeon.
You were not hungry.

You visited 1 branch of the dungeon, and saw 3 of its levels.

You collected 89 gold pieces.

Inventory:

Hand Weapons
 a - a +0 war axe (weapon)
 w - a +0 hunting sling
Missiles
 e - 33 stones
 l - 22 bolts
 o - 11 poisoned darts (quivered)
 r - 2 throwing nets
 s - a boomerang
Armour
 b - a +0 scale mail (worn)
 c - a +0 shield (worn)
 p - a scarf of resistance (worn)
 y - a +0 chain mail
Wands
 u - a wand of digging (3)
 x - a wand of acid (9)
Scrolls
 g - a scroll of identify {unknown}
 h - 2 scrolls of teleportation {unknown}
 i - 3 scrolls of amnesia {unknown}
 j - a scroll of blinking {unknown}
 k - a scroll of remove curse {unknown}
 n - a scroll of enchant armour {unknown}
 q - a scroll of magic mapping {unknown}
 t - 2 scrolls of immolation {unknown}
 v - 2 scrolls of enchant weapon {unknown}
Potions
 d - 2 potions of might
 m - 2 potions of agility
Comestibles
 f - 7 rations


   Skills:
 + Level 4.4 Fighting
 * Level 4.2 Axes
 + Level 1.6 Throwing
 + Level 4.4 Armour
 + Level 1.8 Dodging
 * Level 5.0 Shields


You had 4 spell levels left.
You didn't know any spells.
Your spell library was empty.

Dungeon Overview and Level Annotations

Branches:
Dungeon (3/15)

Altars:


Innate Abilities, Weirdness & Mutations

You reflexively headbutt those who attack you in melee.
You have a pair of horns on your head.


Message History

You barely miss the gnoll. You headbutt the gnoll.
The gnoll is moderately wounded.
You hit the gnoll. You slash the gnoll!
You kill the gnoll!
Your Shields skill increases to level 5!
The gnoll hits you with a +0 club.
* * * LOW HITPOINT WARNING * * *
The gnoll hits you with a +0 halberd.
* * * LOW HITPOINT WARNING * * *
The gnoll hits you but does no damage.
Your shield and scale mail prevent you from hitting the gnoll.
The gnoll is moderately wounded.
You hit the gnoll but do no damage. The gnoll hits you with a +0 halberd!
* * * LOW HITPOINT WARNING * * *
You block the gnoll's attack.
A rat comes into view.
Unknown command.
You feel very mighty all of a sudden. The gnoll hits you with a +0 halberd!
You die...

..#.≈≈P≈≈.#....#.# .#
..#5≈...≈5#....#.###.#
..#5≈...≈o#..........#
..####'####.........#
..#≈.....P#.........#
..#8P.©.P8#.........##
..#########..........###
......©.........)g.^...r
............####@#..####
..........### #g).....#
.............. .........
..........####..........
.....<....# #.........#
.##.......# ###########
# ###.....# #.....#


You could see an orc priest, 2 gnolls, a shadow imp and a rat.

Vanquished Creatures
  Ijyb (D:3)
  Natasha (D:2)
  4 adders
  8 gnolls (D:3)
  A worm (D:2)
  2 dart slugs
  2 leopard geckos
  5 orcs (D:3)
  6 bats
  3 giant cockroaches
  7 goblins
  7 hobgoblins
  5 jackals (D:2)
  6 kobolds
  3 frilled lizards
  4 rats
65 creatures vanquished.

Notes
Turn   | Place    | Note
-------+----------+-------------------------------------------
     0 | D:1      | Mithandil the Minotaur Fighter began the quest for the Orb.
     0 | D:1      | Reached XP level 1. HP: 19/19 MP: 0/0
   304 | D:1      | Reached XP level 2. HP: 27/27 MP: 1/1
   364 | D:2      | Reached skill level 4 in Shields
   618 | D:2      | Reached XP level 3. HP: 32/33 MP: 2/2
  1630 | D:2      | Reached skill level 1 in Throwing
  1655 | D:2      | Reached skill level 1 in Dodging
  1672 | D:2      | Noticed Natasha
  1681 | D:2      | Killed Natasha
  1681 | D:2      | Reached XP level 4. HP: 22/40 MP: 3/3
  1971 | D:3      | Reached XP level 5. HP: 27/46 MP: 4/4
  2038 | D:3      | Noticed Ijyb
  2042 | D:3      | Found a transporter.
  2052 | D:3      | Killed Ijyb
  2172 | D:3      | Found a transporter.
  2473 | D:3      | Reached skill level 5 in Shields
  2474 | D:3      | HP: 1/47 [gnoll/+0 halberd (10)]
  2475 | D:3      | Mangled by a gnoll

Levels and vault maps discovered:
D:1:      mrwooster_arrival_statue, layout_basic
D:2:      layout_basic, uniq_sigmund, uniq_natasha, uniq_terence
D:3:      gammafunk_wand_slinger, layout_rooms,
          chequers_ecumenical_altar_simple_redux, uniq_ijyb

Skill      XL: |  1  2  3  4  5 |
---------------+----------------+-----
Shields        | 4 5 |  5.0
Axes           | 3 4 |  4.2
Throwing       | 1 |  1.6
Dodging        | 1 |  1.8
Fighting       | 4 |  4.4
Armour         | 4 |  4.4

Action                   |  1- 3 |  4- 6 || total
-------------------------+-------+-------++-------
Melee: War axe           |    71 |    66 ||   137
       Headbutt          |    12 |    10 ||    22
  Use: Potion            |     3 |     1 ||     4
  Eat: Chunk             |     2 |     3 ||     5
Armor: Scale mail        |    23 |    48 ||    71
Dodge: Dodged            |    20 |    38 ||    58
Block: Shield            |    43 |    74 ||   117

Table legend:
 A = Non-vault XP
 B = Vault XP
 C = Vault XP percentage of total XP
 D = Non-vault monster count
 E = Vault monster count
 F = Vault count percentage of total count
                 A         B        C        D         E       F
            +---------+---------+-------+---------+---------+-------
      Total |     271 |      71 |  20.8 |      63 |       2 |   3.1
            +---------+---------+-------+---------+---------+-------
        D:1 |      31 |       0 |   0.0 |      17 |       0 |   0.0
        D:2 |      77 |      35 |  31.2 |      19 |       1 |   5.0
        D:3 |     163 |      36 |  18.1 |      27 |       1 |   3.6
            +---------+---------+-------+---------+---------+-------
